[Event "WTCC-65 2018"]
[Site "Radebeul"]
[Date "2018.07.10"]
[Round "4"]
[White "Schmidt, Bodo"]
[Black "Klundt, Klaus"]
[Result "1/2-1/2"]
[ECO "A46"]
[WhiteElo "2344"]
[BlackElo "2318"]
[Annotator "NA"]
[PlyCount "46"]
[EventDate "2018.07.07"]
[EventType "team-tourn"]
[EventCountry "GER"]
[SourceTitle "playchess.com"]
[Source "ChessBase"]
[SourceQuality "1"]
[TimeControl "40/5400+30:1800+30"]

1. d4 Nf6 2. Nf3 d5 3. c4 e6 4. e3 Be7 5. Bd3 O-O 6. O-O c5 7. dxc5 Bxc5 8. a3 dxc4 9. Bxc4 a6 10. b4 Be7 11. Bb2 b5 12. Bd3 Bb7 13. Qe2 Nbd7 14. Rd1 Qc7 15. Nbd2 Rac8 16. Rac1 Qb8 17. Nb3 Rxc1 18. Rxc1 Rc8 19. Rxc8+ Qxc8 20. Na5 Ba8 21. e4 Nb6 22. Qe1 Nfd7 23. Nd2 Na4 1/2-1/2

[Event "WTCC-65 2018"]
[Site "Radebeul"]
[Date "2018.07.10"]
[Round "4"]
[White "Karasev, Vladimir I"]
[Black "Bosbach, Gerhard"]
[Result "1-0"]
[ECO "A05"]
[WhiteElo "2337"]
[BlackElo "2119"]
[Annotator "NA"]
[PlyCount "81"]
[EventDate "2018.07.07"]
[EventType "team-tourn"]
[EventCountry "GER"]
[SourceTitle "playchess.com"]
[Source "ChessBase"]
[SourceQuality "1"]
[TimeControl "40/5400+30:1800+30"]

1. Nf3 Nf6 2. g3 d5 3. Bg2 Bg4 4. c4 Bxf3 5. Bxf3 c6 6. cxd5 Nxd5 7. d4 e6 8. e4 Bb4+ 9. Kf1 Nf6 10. Qb3 Qe7 11. Bg5 h6 12. Bxf6 Qxf6 13. Bh5 Qe7 14. Nc3 O-O 15. Kg2 Nd7 16. a3 Bxc3 17. bxc3 b6 18. a4 e5 19. Rhe1 c5 20. dxe5 Nxe5 21. Be2 Rad8 22. Rad1 Rxd1 23. Rxd1 Rd8 24. Rd5 Nc6 25. Rxd8+ Nxd8 26. Qd5 Ne6 27. e5 g6 28. f4 Nd8 29. Kf3 Kf8 30. Ba6 Ne6 31. Bc4 Nc7 32. Qd6 Ne8 33. Qd5 Nc7 34. Qc6 Qd8 35. Qd6+ Qe7 36. Ke4 Ke8 37. Bb5+ Kf8 38. g4 a6 39. Bd7 f5+ 40. gxf5 gxf5+ 41. Bxf5 1-0

[Event "WTCC-65 2018"]
[Site "Radebeul"]
[Date "2018.07.10"]
[Round "4"]
[White "Schulze, Ulrich"]
[Black "Seibold, Hubert"]
[Result "1-0"]
[ECO "A20"]
[WhiteElo "2313"]
[BlackElo "2113"]
[Annotator "NA"]
[PlyCount "95"]
[EventDate "2018.07.07"]
[EventType "team-tourn"]
[EventCountry "GER"]
[SourceTitle "playchess.com"]
[Source "ChessBase"]
[SourceQuality "1"]
[TimeControl "40/5400+30:1800+30"]

1. c4 e5 2. g3 Nf6 3. Bg2 c6 4. d4 exd4 5. Qxd4 Na6 6. Nc3 Bc5 7. Qd1 O-O 8. Nf3 d5 9. cxd5 cxd5 10. O-O h6 11. a3 Re8 12. b4 Bf8 13. Bb2 Bf5 14. Nd4 Bg6 15. Qb3 Nc7 16. Rfd1 Qd7 17. Rac1 Rad8 18. Qa4 Qxa4 19. Nxa4 Ne6 20. e3 Rc8 21. Nc3 Red8 22. Nxd5 Nxd5 23. Rxc8 Rxc8 24. Bxd5 Nxd4 25. Bxd4 b6 26. Rd2 Bc2 27. Bb2 Ba4 28. f4 a5 29. bxa5 bxa5 30. Kf2 Bc5 31. Kf3 Rb8 32. g4 Bd1+ 33. Rxd1 Rxb2 34. Rc1 Bxa3 35. Rc8+ Kh7 36. h4 g5 37. hxg5 hxg5 38. Bxf7 Kg7 39. Bd5 gxf4 40. exf4 Rd2 41. Ke4 Bd6 42. Rg8+ Kh7 43. Rd8 Re2+ 44. Kf3 Be7 45. Re8 Re1 46. Bf7 Kg7 47. Bd5 Kh7 48. Be4+ 1-0

[Event "WTCC-65 2018"]
[Site "Radebeul"]
[Date "2018.07.10"]
[Round "4"]
[White "Faibisovich, Vadim Z"]
[Black "Clara, Hans-Joachim"]
[Result "1/2-1/2"]
[ECO "D02"]
[WhiteElo "2312"]
[BlackElo "2289"]
[Annotator "NA"]
[PlyCount "24"]
[EventDate "2018.07.07"]
[EventType "team-tourn"]
[EventCountry "GER"]
[SourceTitle "playchess.com"]
[Source "ChessBase"]
[SourceQuality "1"]
[TimeControl "40/5400+30:1800+30"]

1. d4 d5 2. Nf3 Nf6 3. g3 b6 4. Bg2 Bb7 5. O-O e6 6. c4 dxc4 7. Qa4+ Nbd7 8. Qxc4 c5 9. Nc3 Rc8 10. Bf4 a6 11. a4 cxd4 12. Qxd4 Bc5 1/2-1/2

[Event "WTCC-65 2018"]
[Site "Radebeul"]
[Date "2018.07.10"]
[Round "4"]
[White "Berry, Stephen H"]
[Black "Balashov, Yuri S"]
[Result "1/2-1/2"]
[ECO "A09"]
[WhiteElo "2298"]
[BlackElo "2423"]
[Annotator "NA"]
[PlyCount "44"]
[EventDate "2018.07.07"]
[EventType "team-tourn"]
[EventCountry "GER"]
[SourceTitle "playchess.com"]
[Source "ChessBase"]
[SourceQuality "1"]
[TimeControl "40/5400+30:1800+30"]

1. Nf3 d5 2. c4 d4 3. b4 g6 4. e3 e5 5. Qb3 Bg7 6. Bb2 Nh6 7. Be2 O-O 8. O-O Re8 9. e4 f5 10. d3 Be6 11. Nbd2 Nd7 12. Qc2 Nf7 13. c5 Nf6 14. Rfe1 Nh5 15. exf5 Bxf5 16. Bf1 Nf4 17. Ne4 g5 18. h3 h6 19. Bc1 Qd7 20. Bxf4 exf4 21. Rac1 Qd5 22. Be2 Kf8 1/2-1/2

[Event "WTCC-65 2018"]
[Site "Radebeul"]
[Date "2018.07.10"]
[Round "4"]
[White "Baum, Bernd"]
[Black "Rahls, Peter"]
[Result "0-1"]
[ECO "A26"]
[WhiteElo "2280"]
[BlackElo "2238"]
[Annotator "NA"]
[PlyCount "72"]
[EventDate "2018.07.07"]
[EventType "team-tourn"]
[EventCountry "GER"]
[SourceTitle "playchess.com"]
[Source "ChessBase"]
[SourceQuality "1"]
[TimeControl "40/5400+30:1800+30"]

1. c4 e5 2. g3 Nc6 3. Bg2 g6 4. Nc3 Bg7 5. d3 d6 6. e3 Nge7 7. Nge2 Be6 8. Nd5 O-O 9. O-O Qd7 10. Rb1 Nd8 11. Nxe7+ Qxe7 12. b3 f5 13. d4 e4 14. Bb2 Nf7 15. Qd2 Bd7 16. b4 b5 17. Rfc1 bxc4 18. Nf4 g5 19. Nd5 Qd8 20. Bf1 c6 21. Nc3 d5 22. b5 Qc7 23. Ba3 Rfe8 24. bxc6 Bxc6 25. Nb5 Qd7 26. Qa5 Rec8 27. Bc5 a6 28. Nc3 Bf6 29. Rb2 Nd8 30. Qa3 Ne6 31. Rb6 Nxc5 32. dxc5 Bd8 33. Rxc6 Qxc6 34. Nxd5 Qxc5 35. Qxc5 Rxc5 36. Bxc4 Kg7 0-1

[Event "WTCC-65 2018"]
[Site "Radebeul"]
[Date "2018.07.10"]
[Round "4"]
[White "Khanukov, Boris"]
[Black "Hilpert, Rainer"]
[Result "1/2-1/2"]
[ECO "A05"]
[WhiteElo "2273"]
[BlackElo "2127"]
[Annotator "NA"]
[PlyCount "80"]
[EventDate "2018.07.07"]
[EventType "team-tourn"]
[EventCountry "GER"]
[SourceTitle "playchess.com"]
[Source "ChessBase"]
[SourceQuality "1"]
[TimeControl "40/5400+30:1800+30"]

1. Nf3 Nf6 2. g3 d5 3. Bg2 c6 4. O-O Bf5 5. d4 e6 6. Nh4 Bg6 7. Nxg6 hxg6 8. Nd2 Nbd7 9. e4 dxe4 10. Nxe4 Nxe4 11. Bxe4 Bd6 12. Bg2 O-O 13. c4 Nf6 14. Bg5 Qa5 15. Bd2 Bb4 16. Be3 Rfd8 17. a3 Be7 18. Qe2 Rd7 19. Rfd1 Rad8 20. h3 Qa4 21. Bf3 Ne8 22. Rac1 Bf6 23. d5 cxd5 24. cxd5 exd5 25. Bg4 Re7 26. Qc2 Qb5 27. Qc5 Qxb2 28. Rb1 Qc3 29. Qxc3 Bxc3 30. Bxa7 Nf6 31. Bf3 Red7 32. g4 Ra8 33. Bc5 Ra5 34. Be3 d4 35. Bc1 Nd5 36. Rb3 Rc5 37. Kf1 b5 38. Be2 Rb7 39. Bf3 Rd7 40. Be2 Rb7 1/2-1/2

[Event "WTCC-65 2018"]
[Site "Radebeul"]
[Date "2018.07.10"]
[Round "4"]
[White "Giffard, Nicolas"]
[Black "Munninghoff, Alexander"]
[Result "1-0"]
[ECO "A84"]
[WhiteElo "2260"]
[BlackElo "1918"]
[Annotator "NA"]
[PlyCount "51"]
[EventDate "2018.07.07"]
[EventType "team-tourn"]
[EventCountry "GER"]
[SourceTitle "playchess.com"]
[Source "ChessBase"]
[SourceQuality "1"]
[TimeControl "40/5400+30:1800+30"]

1. d4 f5 2. c4 Nf6 3. e3 e6 4. Bd3 Be7 5. Ne2 O-O 6. f3 d6 7. Qc2 Nc6 8. a3 a5 9. Nbc3 Qe8 10. Bd2 Bd8 11. O-O-O Ne7 12. e4 c6 13. exf5 exf5 14. h3 Bd7 15. g4 b5 16. cxb5 cxb5 17. Qb3+ Kh8 18. Bxb5 Bc7 19. Nf4 Nc6 20. Bxc6 Bxc6 21. d5 Qf7 22. Qa2 Bd7 23. g5 Ng8 24. h4 Rfc8 25. h5 Bd8 26. Ng6+ 1-0

[Event "WTCC-65 2018"]
[Site "Radebeul"]
[Date "2018.07.10"]
[Round "4"]
[White "Kierzek, Matthias"]
[Black "Sprotte, Norbert"]
[Result "1/2-1/2"]
[ECO "D38"]
[WhiteElo "2247"]
[BlackElo "2143"]
[Annotator "NA"]
[PlyCount "29"]
[EventDate "2018.07.07"]
[EventType "team-tourn"]
[EventCountry "GER"]
[SourceTitle "playchess.com"]
[Source "ChessBase"]
[SourceQuality "1"]
[TimeControl "40/5400+30:1800+30"]

1. d4 Nf6 2. c4 e6 3. Nf3 d5 4. Nc3 Bb4 5. Bg5 h6 6. Bxf6 Qxf6 7. Qa4+ Nc6 8. e3 O-O 9. cxd5 exd5 10. Be2 Rd8 11. O-O Be6 12. Ne5 Bxc3 13. Nxc6 Bd7 14. bxc3 Bxc6 15. Bb5 1/2-1/2

[Event "WTCC-65 2018"]
[Site "Radebeul"]
[Date "2018.07.10"]
[Round "4"]
[White "Postler, Reinhard"]
[Black "Ackermann, Hans Werner"]
[Result "1/2-1/2"]
[ECO "B06"]
[WhiteElo "2243"]
[BlackElo "2267"]
[Annotator "NA"]
[PlyCount "95"]
[EventDate "2018.07.07"]
[EventType "team-tourn"]
[EventCountry "GER"]
[SourceTitle "playchess.com"]
[Source "ChessBase"]
[SourceQuality "1"]
[TimeControl "40/5400+30:1800+30"]

1. e4 g6 2. d4 d6 3. Nc3 Bg7 4. Nf3 a6 5. a4 Nf6 6. Be2 O-O 7. O-O Nc6 8. h3 e6 9. Be3 h6 10. Qd2 Kh7 11. Rad1 Ng8 12. d5 exd5 13. exd5 Nce7 14. Nd4 Nf6 15. Bf3 Nd7 16. Rfe1 Ne5 17. Be2 Nd7 18. b3 a5 19. f4 Nc5 20. Bf3 Bd7 21. Bf2 Ng8 22. Ne4 b6 23. Nc3 Qc8 24. Be2 Nf6 25. Bf3 Ng8 26. Nc6 Qb7 27. Ne4 Nxe4 28. Bxe4 Rae8 29. Bf3 Qa8 30. Qd3 Rxe1+ 31. Rxe1 Re8 32. Rxe8 Qxe8 33. Nd4 Ne7 34. Nb5 Bxb5 35. axb5 Ng8 36. h4 Nf6 37. h5 Nd7 38. hxg6+ fxg6 39. f5 Ne5 40. fxg6+ Qxg6 41. Be4 Nxd3 42. cxd3 Bf6 43. Be3 Kg7 44. Bxg6 Kxg6 45. g4 h5 46. gxh5+ Kxh5 47. Kf2 Kg4 48. d4 1/2-1/2

[Event "WTCC-65 2018"]
[Site "Radebeul"]
[Date "2018.07.10"]
[Round "4"]
[White "Kargoll, Herbert"]
[Black "Shushpanov, Vladimir"]
[Result "0-1"]
[ECO "B06"]
[WhiteElo "2230"]
[BlackElo "2198"]
[Annotator "NA"]
[PlyCount "112"]
[EventDate "2018.07.07"]
[EventType "team-tourn"]
[EventCountry "GER"]
[SourceTitle "playchess.com"]
[Source "ChessBase"]
[SourceQuality "1"]
[TimeControl "40/5400+30:1800+30"]

1. e4 g6 2. d4 Bg7 3. Bc4 c6 4. Nc3 d5 5. exd5 b5 6. Bb3 b4 7. Nce2 cxd5 8. a3 {[%emt 0:03:20] B06: Modern Defence} bxa3 9. Rxa3 e6 (9... Nf6 10. Nf3 O-O 11. O-O Nc6 12. Ne5 Bb7 13. Nd3 Ne4 14. c3 Na5 15. Bc2 Nc4 16. Ra2 e6 17. Ng3 Ned6 18. Re1 Bc6 19. Bf4 Re8 {½-½ (113) Korobov,A (2692)-Shtembuliak,E (2478) Rivne 2016}) 10. Nf3 Ne7 11. Bf4 Nbc6 12. Ne5 $146 ({Predecessor:} 12. O-O O-O 13. Qd2 a5 14. Rfa1 Ba6 15. Nc1 Nf5 {½-½ (63) Germer,P (2177)-Skembris,S (2463) Baden 2012}) 12... O-O 13. Nxc6 Nxc6 14. Qd2 Ne7 15. Bh6 Qb6 16. Bxg7 Kxg7 17. O-O Ba6 18. Rd1 Bxe2 19. Qxe2 a5 20. c4 dxc4 21. Bxc4 Rfd8 22. h4 h5 23. Qe5+ Kg8 24. Rb3 Qd6 25. Qf6 Nd5 26. Qf3 Rab8 27. Rxb8 Qxb8 28. b3 Qb4 29. Ra1 Nb6 30. Bxe6 fxe6 31. Qf6 Qxd4 32. Qxg6+ Kf8 33. Rxa5 Qxh4 34. Qh6+ Ke7 35. Qh7+ Kd6 36. Rxh5 Qd4 37. Rh3 Nd5 38. Qb7 Qb6 39. Qg7 Qb4 40. Qg3+ Qf4 41. Qd3 Qc1+ 42. Kh2 Ra8 43. Rh4 Qg5 44. g3 Ra1 45. Qb5 Qd2 46. Qb8+ Kc6 47. Rc4+ Kd7 48. Qb7+ Kd6 49. Rc6+ Ke5 50. Qg7+ Kf5 51. g4+ Ke4 52. Rxe6+ $15 ({White should try} 52. Qh7+ $11 Ke5 53. Qh5+ Kf6 54. Qh8+ Kf7 55. Qh7+ (55. Qxa1 Qxf2+ 56. Kh1 Qh4+ 57. Kg1 Qxg4+ 58. Kh2 Qf4+ 59. Kh1 Qh4+ 60. Kg1 Qg3+ 61. Kh1 Qh3+ 62. Kg1 Qe3+ 63. Kh1 Qh3+ 64. Kg1 Qg3+ 65. Kh1 Qf3+ 66. Kg1 Qg3+ $11) 55... Kf6 {[#]} 56. g5+ $1 Qxg5 57. Qh8+ Kg6 58. Qxa1 Qf4+ 59. Kg1 Qg4+ 60. Kh2 Qf4+ 61. Kg1 Qg4+ 62. Kh2 Qf4+) 52... Kf3 53. Qf7+ (53. Qxa1 $2 {wird mattgesetzt.} Qxf2+ 54. Kh3 Qg3#) 53... Qf4+ 54. Qxf4+ Nxf4 55. Rc6 Ra8 56. g5 Rg8 0-1

[Event "WTCC-65 2018"]
[Site "Radebeul"]
[Date "2018.07.10"]
[Round "4"]
[White "Nehmert, Ulrich"]
[Black "Mishuchkov, Nikolai M"]
[Result "0-1"]
[ECO "D02"]
[WhiteElo "2220"]
[BlackElo "2311"]
[Annotator "NA"]
[PlyCount "58"]
[EventDate "2018.07.07"]
[EventType "team-tourn"]
[EventCountry "GER"]
[SourceTitle "playchess.com"]
[Source "ChessBase"]
[SourceQuality "1"]
[TimeControl "40/5400+30:1800+30"]

1. d4 Nf6 2. Nf3 d5 3. Bf4 c5 4. e3 Qb6 5. Nc3 Bd7 6. Rb1 e6 7. Be2 Be7 8. O-O O-O 9. Ne5 Rd8 10. dxc5 Qxc5 11. Qd4 Nc6 12. Qxc5 Bxc5 13. a3 Nxe5 14. Bxe5 Bc6 15. Rfd1 Nd7 16. Bc7 Rdc8 17. Bg3 Nb6 18. Bd3 f6 19. e4 d4 20. Nb5 e5 21. c4 a6 22. b4 Bf8 23. Nd6 Bxd6 24. c5 Na4 25. cxd6 Nc3 26. f4 exf4 27. Bxf4 Bb5 28. Bf1 Re8 29. Rbc1 Nxd1 0-1

[Event "WTCC-65 2018"]
[Site "Radebeul"]
[Date "2018.07.10"]
[Round "4"]
[White "Emerson, Roger"]
[Black "Pushkov, Nikolai"]
[Result "0-1"]
[ECO "C03"]
[WhiteElo "2211"]
[BlackElo "2311"]
[Annotator "NA"]
[PlyCount "56"]
[EventDate "2018.07.07"]
[EventType "team-tourn"]
[EventCountry "GER"]
[SourceTitle "playchess.com"]
[Source "ChessBase"]
[SourceQuality "1"]
[TimeControl "40/5400+30:1800+30"]

1. e4 e6 2. d4 d5 3. Nd2 a6 4. Ngf3 c5 5. exd5 exd5 6. Be2 Nf6 7. O-O c4 8. b3 cxb3 9. c4 Be7 10. axb3 O-O 11. Bd3 Nc6 12. h3 dxc4 13. Nxc4 b5 14. Nce5 Bb7 15. Bg5 Nb4 16. Bb1 h6 17. Bxf6 Bxf6 18. Re1 Qd6 19. Be4 Bxe4 20. Rxe4 Rac8 21. Qd2 Rc2 22. Qf4 Rfc8 23. Rae1 Nd5 24. Qf5 Rc1 25. g4 Qe6 26. Qh5 Rxe1+ 27. Nxe1 Bg5 28. N1f3 Nf6 0-1

[Event "WTCC-65 2018"]
[Site "Radebeul"]
[Date "2018.07.10"]
[Round "4"]
[White "Watzka, Horst"]
[Black "Renman, Nils-Gustaf"]
[Result "1-0"]
[ECO "C07"]
[WhiteElo "2194"]
[BlackElo "2343"]
[Annotator "NA"]
[PlyCount "54"]
[EventDate "2018.07.07"]
[EventType "team-tourn"]
[EventCountry "GER"]
[SourceTitle "playchess.com"]
[Source "ChessBase"]
[SourceQuality "1"]
[TimeControl "40/5400+30:1800+30"]

1. e4 e6 2. d4 d5 3. Nd2 c5 4. exd5 Qxd5 5. Ngf3 cxd4 6. Bc4 Qd6 7. O-O Nf6 8. Nb3 Nc6 9. Nbxd4 Nxd4 10. Qxd4 Qxd4 11. Nxd4 Bd7 12. c3 Bc5 13. Rd1 O-O-O 14. Bf4 Ba4 15. Bb3 Bxb3 16. Nxb3 Bb6 17. Kf1 Rd5 18. Rxd5 Nxd5 19. Bg3 Rd8 20. Ke2 f6 21. Rd1 e5 22. Nd2 Bc5 23. Ne4 Be7 24. c4 Nb4 25. Rxd8+ Kxd8 26. Nc3 Kd7 27. f4 Ke8 1-0

[Event "WTCC-65 2018"]
[Site "Radebeul"]
[Date "2018.07.10"]
[Round "4"]
[White "Mueller, Horst"]
[Black "Donchenko, Anatoly"]
[Result "1/2-1/2"]
[ECO "A13"]
[WhiteElo "2180"]
[BlackElo "2301"]
[Annotator "NA"]
[PlyCount "93"]
[EventDate "2018.07.07"]
[EventType "team-tourn"]
[EventCountry "GER"]
[SourceTitle "playchess.com"]
[Source "ChessBase"]
[SourceQuality "1"]
[TimeControl "40/5400+30:1800+30"]

1. c4 e6 2. Nf3 d5 3. cxd5 exd5 4. d4 c6 5. Nc3 Bf5 6. g3 Bd6 7. Bg2 Nf6 8. O-O O-O 9. Nh4 Bc8 10. Qc2 Re8 11. Bg5 Na6 12. Rad1 Be7 13. Rfe1 g6 14. e4 dxe4 15. Nxe4 Be6 16. a3 Nxe4 17. Bxe7 Rxe7 18. Bxe4 Nc7 19. Ng2 Rd7 20. Qc5 Bd5 21. Nf4 Ne6 22. Nxe6 Bxe6 23. Rd2 Bd5 24. Bxd5 Rxd5 25. Qe7 Qd7 26. Re5 Rd8 27. Qf6 Rxe5 28. Qxe5 Qd5 29. Re2 a5 30. Qxd5 Rxd5 31. Re5 Rxd4 32. Rxa5 b5 33. Ra7 Rd2 34. b4 Kg7 35. Kg2 Rd3 36. Kf1 Rc3 37. Ke2 g5 38. h3 h5 39. Kd2 Rc4 40. Rd7 h4 41. Rd3 Kf6 42. Rf3+ Ke6 43. Re3+ Kd5 44. Rf3 Ke6 45. Re3+ Kd5 46. Rf3 Ke6 47. Re3+ 1/2-1/2

[Event "WTCC-65 2018"]
[Site "Radebeul"]
[Date "2018.07.10"]
[Round "4"]
[White "Wahlbom, Magnus"]
[Black "Nickl, Klaus"]
[Result "1-0"]
[ECO "C10"]
[WhiteElo "2172"]
[BlackElo "2026"]
[Annotator "NA"]
[PlyCount "99"]
[EventDate "2018.07.07"]
[EventType "team-tourn"]
[EventCountry "GER"]
[SourceTitle "playchess.com"]
[Source "ChessBase"]
[SourceQuality "1"]
[TimeControl "40/5400+30:1800+30"]

1. e4 e6 2. d4 d5 3. Nc3 dxe4 4. Nxe4 Nd7 5. Nf3 Ngf6 6. Nxf6+ Nxf6 7. Bd3 c5 8. dxc5 Bxc5 9. O-O O-O 10. b3 b6 11. Bb2 Bb7 12. Qe2 Qd5 13. Bxf6 gxf6 14. Rad1 Qh5 15. Be4 Bxe4 16. Qxe4 a5 17. Rd3 Rad8 18. Rfd1 Rxd3 19. Rxd3 Qh6 20. Qe1 Qf4 21. c3 e5 22. Qd2 Qxd2 23. Nxd2 Be7 24. Kf1 Rd8 25. Ke2 f5 26. Rxd8+ Bxd8 27. a4 f6 28. Kd3 f4 29. Ke4 Kf7 30. Kf5 Ke7 31. f3 Kf7 32. b4 Ke7 33. bxa5 bxa5 34. Ne4 Kd7 35. Nxf6+ Bxf6 36. Kxf6 Kd6 37. Kf5 Kd5 38. g4 fxg3 39. hxg3 Kc4 40. Kxe5 Kb3 41. f4 Kxa4 42. f5 Kb3 43. f6 a4 44. f7 a3 45. f8=Q a2 46. Qb4+ Kc2 47. Qa4+ Kb2 48. c4 a1=Q 49. Qxa1+ Kxa1 50. c5 1-0

[Event "WTCC-65 2018"]
[Site "Radebeul"]
[Date "2018.07.10"]
[Round "4"]
[White "Zimmermann, Rolf"]
[Black "Rotstein, Jefim"]
[Result "0-1"]
[ECO "A60"]
[WhiteElo "2165"]
[BlackElo "2318"]
[Annotator "NA"]
[PlyCount "108"]
[EventDate "2018.07.07"]
[EventType "team-tourn"]
[EventCountry "GER"]
[SourceTitle "playchess.com"]
[Source "ChessBase"]
[SourceQuality "1"]
[TimeControl "40/5400+30:1800+30"]

1. d4 Nf6 2. c4 c5 3. d5 e6 4. Nc3 exd5 5. Nxd5 Nxd5 6. Qxd5 d6 7. Bd2 Nc6 8. Bc3 Be6 9. Qd3 d5 10. cxd5 Qxd5 11. e4 Qxd3 12. Bxd3 O-O-O 13. Bc2 Nd4 14. Bxd4 cxd4 15. Bd3 Bb4+ 16. Ke2 Rhe8 17. a3 Ba5 18. f4 Bd5 19. Rc1+ Bc7 20. Kf3 f5 21. Re1 fxe4+ 22. Rxe4 Bxe4+ 23. Bxe4 d3 24. Nh3 d2 25. Rd1 g6 26. Nf2 Bb6 27. Ng4 Re7 28. Ne5 Rd4 29. Bc2 Rc7 30. Bd3 a5 31. Rxd2 Kb8 32. Re2 Rc5 33. Re4 Rd8 34. Bc4 Rc7 35. b3 Rd2 36. Re2 Rxe2 37. Kxe2 Bd4 38. Nf3 Re7+ 39. Kd3 Be3 40. g3 Bc5 41. Ne5 Bxa3 42. h4 Kc7 43. Kd4 Bb2+ 44. Kd5 Bxe5 45. fxe5 Rd7+ 46. Ke6 Rd4 47. Kf7 Re4 48. Kg7 a4 49. Bg8 a3 50. b4 Rxe5 51. Kxh7 Kd6 52. Ba2 Re2 53. Bc4 Re4 54. Ba2 Rg4 0-1

[Event "WTCC-65 2018"]
[Site "Radebeul"]
[Date "2018.07.10"]
[Round "4"]
[White "Krauseneck, Peter"]
[Black "Buchal, Stephan"]
[Result "1/2-1/2"]
[ECO "B06"]
[WhiteElo "2147"]
[BlackElo "2329"]
[Annotator "NA"]
[PlyCount "85"]
[EventDate "2018.07.07"]
[EventType "team-tourn"]
[EventCountry "GER"]
[SourceTitle "playchess.com"]
[Source "ChessBase"]
[SourceQuality "1"]
[TimeControl "40/5400+30:1800+30"]

1. d4 g6 2. e4 Bg7 3. Nc3 d6 4. Be3 a6 5. h4 Nf6 {[%emt 0:02:01] B06: Modern Defence} (5... h6 6. Qd2 b5 7. f3 Bb7 8. O-O-O Nd7 9. Kb1 Nb6 10. Bd3 Nf6 11. Nh3 Nfd7 12. Nf4 e6 13. Nce2 {0-1 (43) Fressinet,L (2662)-Petrosian,T (2601) Riadh 2017}) 6. Be2 h5 7. Nh3 Bxh3 8. Rxh3 b5 $146 ({Predecessor:} 8... Nbd7 9. f4 e6 10. e5 Ng8 11. d5 dxe5 12. dxe6 fxe6 13. Qd3 {1-0 (32) Lyell,M (2259)-Farkas,T (2257) Kecskemet 2013}) 9. Bf3 Nbd7 10. e5 dxe5 11. Bxa8 Qxa8 12. Qf3 e4 13. Qf4 b4 14. Ne2 Qc6 15. c3 Nb6 16. Qg3 Nc4 17. b3 Nxe3 18. Qxe3 Ng4 19. Qg3 O-O 20. cxb4 e5 21. Rc1 Qb6 22. d5 e3 23. fxe3 Qxb4+ 24. Nc3 Bh6 25. Ke2 Nxe3 26. Rhh1 Nf5 27. Qxe5 Qg4+ 28. Kd3 Bxc1 29. Rxc1 Nd6 30. Ne4 Nxe4 31. Qxe4 Qd7 32. Rc6 Re8 33. Qf3 Re5 34. Kd4 Rf5 35. Qe4 a5 36. a4 Qd8 37. g3 Rf1 38. Qe2 Rf5 39. Qe4 Rf1 40. Qe2 Rf5 41. Qb5 Qe7 42. Qb8+ Kg7 43. Qxc7 $19 1/2-1/2

[Event "WTCC-65 2018"]
[Site "Radebeul"]
[Date "2018.07.10"]
[Round "4"]
[White "Witte, Manfred"]
[Black "Bartsch, Berthold"]
[Result "0-1"]
[ECO "B29"]
[WhiteElo "2140"]
[BlackElo "2248"]
[Annotator "NA"]
[PlyCount "66"]
[EventDate "2018.07.07"]
[EventType "team-tourn"]
[EventCountry "GER"]
[SourceTitle "playchess.com"]
[Source "ChessBase"]
[SourceQuality "1"]
[TimeControl "40/5400+30:1800+30"]

1. e4 c5 2. Nf3 Nf6 3. e5 Nd5 4. Nc3 e6 5. Nxd5 exd5 6. c3 d6 7. d4 Nc6 8. Bb5 a6 9. Bxc6+ bxc6 10. O-O Be7 11. exd6 Qxd6 12. dxc5 Qxc5 13. Be3 Qd6 14. b4 Qc7 15. Bc5 Bxc5 16. bxc5 O-O 17. Qd4 Bf5 18. Nh4 Bd7 19. Rfe1 Rfe8 20. Nf3 Rab8 21. Rxe8+ Bxe8 22. Nd2 f6 23. Qd3 Qa5 24. Qd4 Bg6 25. a4 Re8 26. h4 Qc7 27. g3 Re2 28. c4 Qe5 29. Nf3 Qf5 30. Nd2 Qc2 31. Nf3 Re4 32. Qd2 Rxc4 33. Qa5 h6 0-1

[Event "WTCC-65 2018"]
[Site "Radebeul"]
[Date "2018.07.10"]
[Round "4"]
[White "Malmdin, Nils-Ake"]
[Black "Pitzl, Konstantinos"]
[Result "1/2-1/2"]
[ECO "B06"]
[WhiteElo "2138"]
[BlackElo "2037"]
[Annotator "NA"]
[PlyCount "77"]
[EventDate "2018.07.07"]
[EventType "team-tourn"]
[EventCountry "GER"]
[SourceTitle "playchess.com"]
[Source "ChessBase"]
[SourceQuality "1"]
[TimeControl "40/5400+30:1800+30"]

1. e4 g6 2. d4 Bg7 3. Nc3 d6 4. f4 Nf6 5. a3 O-O 6. Nf3 Nc6 7. Be3 Ng4 8. Bg1 e5 9. d5 Ne7 10. h3 Nh6 11. fxe5 dxe5 12. Bc4 Kh8 13. Be3 f6 14. Qd2 Nf7 15. g4 Nd6 16. Be2 a6 17. O-O-O b5 18. Rdg1 Bd7 19. h4 Kg8 20. Bh6 Bxh6 21. Qxh6 Nf7 22. Qd2 Be8 23. g5 Qd6 24. Rf1 f5 25. exf5 gxf5 26. h5 e4 27. Nh4 Ne5 28. Nxf5 Nxf5 29. Nxe4 Qb6 30. Nf6+ Rxf6 31. gxf6 Qxf6 32. Rhg1+ Kh8 33. Rxf5 Qxf5 34. Rf1 Qe4 35. Rf8+ Kg7 36. Rf4 Qh1+ 37. Rf1 Qh4 38. Rf4 Qh1+ 39. Rf1 1/2-1/2

[Event "WTCC-65 2018"]
[Site "Radebeul"]
[Date "2018.07.10"]
[Round "4"]
[White "Ghijsen, Pim"]
[Black "Vaisser, Anatoly"]
[Result "0-1"]
[ECO "A46"]
[WhiteElo "2137"]
[BlackElo "2502"]
[Annotator "ChessBase"]
[PlyCount "84"]
[EventDate "2018.07.07"]
[EventType "team-tourn"]
[EventCountry "GER"]
[SourceTitle "playchess.com"]
[Source "ChessBase"]
[SourceQuality "1"]
[TimeControl "40/5400+30:1800+30"]

1. d4 Nf6 2. Nf3 c5 3. c3 e6 4. Bf4 cxd4 5. cxd4 Qb6 6. Qb3 Qxb3 7. axb3 Nc6 8. Bd2 d5 9. e3 Bd7 10. Bd3 Bd6 11. Ke2 Ke7 12. Bc3 Rhb8 13. Ne5 Be8 14. Nd2 Nb4 15. Bxb4 Bxb4 16. Rhc1 Bd6 17. f4 a6 18. h3 h6 19. Rc2 Rc8 20. Rac1 Rxc2 21. Rxc2 a5 22. Rc1 a4 23. Ra1 b5 24. Kd1 Kd8 25. Nef3 Kc7 26. Ne1 g5 27. fxg5 hxg5 28. Nef3 g4 29. hxg4 Nxg4 30. Ke2 Bd7 31. Bc2 Kb6 32. Bd1 b4 33. Nb1 Bb5+ 34. Kd2 a3 35. Ra2 Nf2 36. Be2 Ne4+ 37. Ke1 Rc8 38. Bxb5 Rc1+ 39. Ke2 Kxb5 40. Nfd2 Rg1 41. bxa3 Nc3+ 42. Kf2 Rxb1 0-1